 Dungeon Crawl Stone Soup version 0.31-a0-703-gcfe89afef6 (webtiles) character file.

Game seed: 14495260575130910925

499 NotBilly007 the Changeling (level 6, -5/55 HPs)
             Began as a Troll Shapeshifter on Sept 9, 2023.
             Slain by a wight
             ... wielding a +0 scimitar of freezing
              (7 damage)
             ... on level 5 of the Dungeon.
             The game lasted 00:08:26 (3393 turns).

NotBilly007 the Changeling (Troll Shapeshifter)     Turns: 3393, Time: 00:08:26

Health: -5/55      AC:  4    Str: 25    XL:     6   Next: 94%
Magic:  5/5        EV: 10    Int:  6    God:
Gold:   236        SH:  0    Dex: 15    Spells: 5/5 levels left

rFire   . .          .
                       - Unarmed
rCold   + . .        (shield currently unavailable)
rNeg    . . .        a - +0 animal skin
rPois   .            (helmet restricted)
rElec   .            (no cloak)
rCorr   .            (gloves unavailable)
SInv    .            (boots unavailable)
Will    .....        (no amulet)
Stlth   +            k - +6 ring of dexterity
HPRegen 1.09/turn    q - ring of protection from cold
MPRegen 0.09/turn

%: no passive effects
@: flux-form, glowing
A: glow, contaminating, large, unfitting armour, claws 3, regeneration 1, shaggy
fur 1, tough skin 1
a: Begin Untransformation


You were on level 5 of the Dungeon.
You were something dangerously unstable.
You visited 1 branch of the dungeon, and saw 5 of its levels.

You collected 236 gold pieces.

Inventory:

Armour
 a - a +0 animal skin (worn)
Jewellery
 f - a ring of wizardry
 k - a +6 ring of dexterity (left claw)
 q - a ring of protection from cold (right claw)
 v - a ring of fire
Talismans
 c - a beast talisman
 d - a flux talisman (active)
 s - a talisman of death
Scrolls
 h - 4 scrolls of identify {unknown}
 i - 3 scrolls of teleportation {unknown}
 l - a scroll of enchant weapon {unknown}
 o - a scroll of butterflies {unknown}
 r - a scroll of silence {unknown}
 u - a scroll of torment {unknown}
Potions
 b - 2 potions of lignification
 e - a potion of cancellation {unknown}
 g - a potion of magic {unknown}
 j - 2 potions of attraction {unknown}
 m - a potion of ambrosia {unknown}
 n - a potion of heal wounds {unknown}
 p - a potion of brilliance {unknown}
 t - a potion of might {unknown}


   Skills:
 * Level 1.6 Fighting
 - Level 1.7 Dodging
 + Level 3.3 Unarmed Combat
 - Level 7.0 Shapeshifting


You had 5 spell levels left.
You didn't know any spells.
Your spell library contained the following spells:

 Spells                   Type           Power      Damage    Failure   Level
 Sandblast                Erth           0%         2d4       45%         1
 Lesser Beckoning         Tloc           0%         N/A       58%         2
 Passwall                 Tmut/Erth      0%         N/A       58%         2
 Gell's Gravitas          Tloc           0%         N/A       83%         3
 Inner Flame              Hex/Fire       0%         N/A       83%         3
 Stone Arrow              Conj/Erth      0%         3d7       83%         3
 Teleport Other           Tloc           0%         N/A       83%         3
 Flame Wave               Conj/Fire      0%         2d4       99%         4
 Sticky Flame             Conj/Fire      0%         2d3       99%         4


Dungeon Overview and Level Annotations

Branches:
Dungeon (5/15)
 Temple: D:4-7

Altars:
Wu Jian
Xom

Annotations:
D:4 1 runed translucent door, exclusion: door, hattop's ghost, amateur TeMo


Innate Abilities, Weirdness & Mutations

You are something dangerously unstable.
You glow with magical radiation, making you easy to see and hit.
Foes you strike become dangerously contaminated with magical radiation.
You are incapable of wielding weapons or throwing items.
You are too large for most types of armour.
You have claws for hands.
Your natural rate of healing is unusually fast.
You are covered in fur. (AC +1)
You have tough skin. (AC +1)


Message History

There is a stone staircase leading up here.
There is an open door here.
What level of the Dungeon? (default 4, ? - help)
There is a stone staircase leading down here.
You climb downwards.
Found 9 stones.
There is a stone staircase leading up here.
There are monsters nearby!
The wight hits you with a +4 halberd of freezing.
The wight freezes you.
You climb upwards.
Level annotation: 1 runed translucent door, hattop's ghost, amateur TeMo
There is a stone staircase leading down here.
You start resting.
HP restored.
Could not explore, unopened runed door.
You begin transforming.
You continue transforming. x3
Your transformation has ended.
You turn into something dangerously unstable.
Okay, then.
Press: ? - help, v - describe, . - travel The floor.
What level of the Dungeon? (default 4, ? - help)
Okay, then.
You start waiting.
There is a stone staircase leading down here.
You climb downwards.
The wight barely misses you. The wight closely misses you.
The wight hits you with a +5 flail of freezing!
The wight freezes you. The wight hits you with a +0 battleaxe!
The iguana closely misses you. The wight closely misses you.
There is a stone staircase leading up, spattered with blood here.
The wight hits you with a +5 flail of freezing!
The wight barely misses you. x2; The iguana bites you!
* * * LOW HITPOINT WARNING * * *
The wight hits you with a +3 short sword of freezing.
* * * LOW HITPOINT WARNING * * *
The wight freezes you.
* * * LOW HITPOINT WARNING * * *
The wight hits you with a +0 scimitar of freezing!
You die...

# .# .
#####.#
.⌠..#z.zl.#
.......B#
....#.zzz.#
# ###.###
#.# #.# #.#
..# ###


You could see an iguana and 5 wights.

Vanquished Creatures
  A phantom (D:4)
  A bullfrog (D:4)
  A scorpion (D:4)
  A hound (D:4)
  Jessica (D:2)
  An iguana (D:4)
  4 gnolls (D:3)
  8 adders
  3 dart slugs
  2 orcs (D:3)
  15 endoplasms
  11 giant cockroaches
  5 goblins
  7 hobgoblins
  5 quokkas
  9 ball pythons
  9 bats
  7 frilled lizards
  14 kobolds
  4 rats
109 creatures vanquished.

Notes
Turn   | Place    | Note
-------+----------+-------------------------------------------
     0 | D:1      | NotBilly007 the Troll Shapeshifter began the quest for the
                  | Orb.
     0 | D:1      | Reached XP level 1. HP: 18/18 MP: 0/0
   111 | D:1      | Reached skill level 1 in Fighting
   145 | D:1      | Reached XP level 2. HP: 27/27 MP: 1/1
   564 | D:1      | Reached XP level 3. HP: 33/33 MP: 2/2
  1025 | D:2      | Reached skill level 4 in Shapeshifting
  1246 | D:2      | Noticed Jessica
  1250 | D:2      | Killed Jessica
  1251 | D:2      | Reached XP level 4. HP: 41/41 MP: 3/3
  1495 | D:3      | Reached skill level 5 in Shapeshifting
  1510 | D:3      | Reached XP level 5. HP: 7/45 MP: 4/4
  1721 | D:3      | Found a shimmering altar of Xom.
  1727 | D:3      | Found an ornate altar of the Wu Jian Council.
  2275 | D:4      | Noticed a phantom
  2344 | D:4      | Reached skill level 6 in Shapeshifting
  2442 | D:4      | Reached XP level 6. HP: 53/55 MP: 5/5
  2697 | D:4      | Found a runed translucent door.
  2707 | D:4      | Noticed hattop's ghost (amateur TeMo)
  2828 | D:4      | Reached skill level 7 in Shapeshifting
  3285 | D:5      | Entered Level 5 of the Dungeon
  3393 | D:5      | HP: 2/55 [wight/+3 short sword of freezing (1)]
  3393 | D:5      | Slain by a wight

Illustrated notes

Levels and vault maps discovered:
D:1:      elethiomel_arrival_maze, layout_basic
D:2:      layout_rooms, minmay_split_cup_large, uniq_jessica
D:3:      minmay_octagon_keep, layout_loops_ring, grunt_temple_overflow_open
D:4:      layout_basic, ebering_ghost_reflecting_pool, gup_sewer_entry_glass
D:5:      layout_loops_ring, lemuel_crystal_altar,
          minmay_temple_entry_large_hall, grunt_ministairs_1, uniq_sigmund

Skill      XL: |  1  2  3  4  5  6 |
---------------+-------------------+-----
Fighting       | 1 |  1.6
Shapeshifting  | 4 5 6 7 |  7.0
Dodging        | |  1.7
Unarmed Combat | |  3.3

Action                     |  1- 3 |  4- 6 || total
---------------------------+-------+-------++-------
  Melee: Unarmed           |   104 |   132 ||   236
         Punch             |     2 |     5 ||     7
   Stab: Sleeping          |       |     2 ||     2
 Armour: Animal skin       |    72 |   111 ||   183
  Dodge: Dodged            |    50 |    79 ||   129
   Form: Flux              |       |     1 ||     1

Table legend: (Time is in decaauts)
 A = Elapsed time spent in this place.
 B = Non-inter-level travel time spent in this place.
 C = Inter-level travel time spent in this place.
 D = Time resting spent in this place.
 E = Time spent auto-exploring this place.
 F = Levels seen in this place.
 G = Mean time per level.
                   A        B        C        D        E       F      G
               +--------+--------+--------+--------+--------+-----+--------+
         Total |   3379 |   3206 |    173 |    102 |   2492 |   5 |  675.8 |
       Dungeon |   3379 |   3206 |    173 |    102 |   2492 |   5 |  675.8 |
               +--------+--------+--------+--------+--------+-----+--------+

Top non-repeatable levels by time:
     D:4: 1188 daAuts
     D:1: 1016 daAuts
     D:3: 717 daAuts
     D:2: 454 daAuts
     D:5: 3 daAuts
